 Dungeon Crawl Stone Soup version 0.27-a0-1431-gcffa5a9b16 (webtiles) character file.

Game seed: 11823826332377041630

82 unlimited the Chiller (level 4, -7/34 HPs)
             Began as a Demigod Ice Elementalist on July 2, 2021.
             Mangled by Sigmund (13 damage)
             ... on level 3 of the Dungeon.
             The game lasted 00:51:14 (2187 turns).

unlimited the Chiller (Demigod Ice Elementalist)    Turns: 2187, Time: 00:51:15

Health: -7/34      AC:  2    Str:  9    XL:     4   Next: 1%
Magic:  9/10       EV: 12    Int: 21    God:
Gold:   174        SH:  0    Dex: 14    Spells: 5/8 levels left

rFire    . . .     SeeInvis .   n - +1 whip (elec)
rCold    . . .     Faith    +   (no shield)
rNeg     . . .     Spirit   .   a - +0 robe
rPois    .         Reflect  .   (no helmet)
rElec    .         Harm     .   (no cloak)
rCorr    .         Rampage  .   (no gloves)
Will     .....                  (no boots)
Stlth    ++........             f - amulet of faith
HPRegen  0.11/turn              (no ring)
MPRegen  0.12/turn              (no ring)

@: weak-willed
A: high mp 1, forlorn
a: no special abilities


You were on level 3 of the Dungeon.
You visited 1 branch of the dungeon, and saw 3 of its levels.

You collected 174 gold pieces.

Inventory:

Hand Weapons
 b - a +0 dagger
 l - a +2 dagger of flaming
 n - a +1 whip of electrocution (weapon)
Missiles
 c - 116 stones
 i - 15 poisoned darts (quivered)
 t - 2 boomerangs
Armour
 a - a +0 robe (worn)
 j - a +0 robe
 s - a +0 leather armour
Jewellery
 f - an amulet of faith (around neck)
Scrolls
 d - a scroll of amnesia
 h - 2 scrolls of noise
 m - a scroll of identify {unknown}
 o - a scroll of summoning {unknown}
 r - a scroll of brand weapon {unknown}
Potions
 e - a potion of lignification {unknown}
 g - 2 potions of heal wounds {unknown}
 p - a potion of curing {unknown}
 q - 2 potions of ambrosia {unknown}


   Skills:
 + Level 0.3 Fighting
 + Level 0.3 Short Blades
 + Level 0.2 Maces & Flails
 + Level 0.1 Throwing
 + Level 1.8 Dodging
 + Level 2.1 Stealth
 + Level 2.6 Spellcasting
 + Level 4.4 Ice Magic


You had 5 spell levels left.
You knew the following spells:

 Your Spells              Type           Power      Damage    Failure   Level
a - Freeze                Ice            84%        1d10      2%          1
b - Poisonous Vapours     Pois/Air       4%         N/A       22%         2

Your spell library contained the following spells:

 Spells                   Type           Power      Damage    Failure   Level
 Frozen Ramparts          Ice            42%        1d6       7%          3
 Ozocubu's Armour         Ice            21%        N/A       7%          3
 Apportation              Tloc           4%         N/A       14%         1
 Mephitic Cloud           Conj/Pois/Air  2%         N/A       38%         3
 Hailstorm                Conj/Ice       11%        3d5       50%         4
 Metabolic Englaciation   Hex/Ice        5%         N/A       83%         5
 Freezing Cloud           Conj/Ice/Air   4%         6-21      91%         5
 Alistair's Intoxication  Tmut/Pois      1%         N/A       98%         5
 Invisibility             Hex            1%         N/A       100%        6


Dungeon Overview and Level Annotations

Branches:
Dungeon (3/15)

Shops:
D:3 :

Annotations:
D:3 Sigmund


Innate Abilities, Weirdness & Mutations

Your attributes grow dramatically as you level up.
You have an increased reservoir of magic. (+10% MP)
You shall have no god before yourself.


Message History

You're too confused to move!
You feel less confused. Sigmund misses you.
Sigmund points at you and mumbles some strange words.
You are confused.
Sigmund casts a spell.
Sigmund flickers and vanishes!
Deactivating autopickup; reactivate with Ctrl-A.
You bump into the rock wall.
Something hits you.
You bump into the rock wall.
Something hits you.
You bump into the rock wall.
Something hits you.
You bump into the rock wall.
You feel less confused.
A magic dart appears from out of thin air!
The magic dart hits you!
As you read the scroll labelled OCAIBA UTHRUA, it crumbles to dust.
You hear a loud clanging noise!
It was a scroll of noise.
Something completely misses you.
As you read the scroll labelled FUMIXEO QOSCHI, it crumbles to dust.
It is a scroll of amnesia.
Okay, then.
Something hits you!
* * * LOW HITPOINT WARNING * * *
Unknown command.
There is a strange disturbance nearby!
There is a strange disturbance nearby!
There is a strange disturbance nearby!
Unknown command.
There is a strange disturbance nearby!
There is a strange disturbance nearby!
Level annotation: Sigmund Welcome back, unlimited the Demigod Ice Elementalist.
Press ? for a list of commands and other information.
Level annotation: Sigmund Welcome back, unlimited the Demigod Ice Elementalist.
Press ? for a list of commands and other information.
As you read the scroll labelled LOCRUR OTEST, it crumbles to dust.
Magic quickly surges around you.
It was a scroll of vulnerability.
Something hits you!
You die...

..# ###)## #### ..##
#...###### #.. ..#
#........# #.####
#......>.# ..##
##........# ...##
###.........#
##..###.....#.......#
..........######.####
###..###.## #@#
.###.#...# #.#
(.##.....# #{#
#[##...#..######.#
.....####........#
#.#### ######..#
.....########....#
#.##..........##.#
#.# ##...<...##.#


There were no monsters in sight!

Vanquished Creatures
  A dart slug (D:2)
  6 orcs (D:3)
  6 bats
  11 endoplasms
  A giant cockroach (D:3)
  6 goblins
  8 hobgoblins
  4 jackals (D:1)
  A quokka (D:2)
  4 ball pythons
  2 frilled lizards (D:1)
  7 kobolds
  9 rats
66 creatures vanquished.

Vanquished Creatures (others)
  8 fungi (D:1)
  3 toadstools (D:1)
11 creatures vanquished.

Grand Total: 77 creatures vanquished

Notes
Turn   | Place    | Note
-------+----------+-------------------------------------------
     0 | D:1      | unlimited the Demigod Ice Elementalist began the quest for
                  | the Orb.
     0 | D:1      | Reached XP level 1. HP: 14/14 MP: 5/5
   271 | D:1      | Reached skill level 4 in Ice Magic
   303 | D:1      | Reached XP level 2. HP: 14/20 MP: 2/7
  1088 | D:2      | Reached XP level 3. HP: 24/26 MP: 5/8
  1993 | D:3      | Learned a level 2 spell: Poisonous Vapours
  2090 | D:3      | Found Akinocho's Book Shoppe.
  2134 | D:3      | Reached XP level 4. HP: 25/34 MP: 2/10
  2164 | D:3      | Noticed Sigmund
  2187 | D:3      | Mangled by Sigmund

Illustrated notes

Levels and vault maps discovered:
D:1:      evilmike_arrival_rings, layout_basic, basic_ecumenical_altar,
          minmay_gold_behind_fungi
D:2:      layout_rooms, basic_altar
D:3:      layout_rooms, nzn_wu_jian_contemplation, serial_shops, shop_fountains,
          uniq_sigmund

Skill      XL: |  1  2  3 |
---------------+----------+-----
Ice Magic      | 4 |  4.4
Spellcasting   | 2 |  2.6
Stealth        | 2 |  2.1
Fighting       | |  0.3
Short Blades   | |  0.3
Maces & Flails | |  0.2
Throwing       | |  0.1
Dodging        | |  1.8

Action                   |  1- 3 |  4- 6 || total
-------------------------+-------+-------++-------
Melee: Dagger            |    47 |       ||    47
       Whip              |    12 |       ||    12
Throw: Dart              |    10 |       ||    10
 Cast: Freeze            |    79 |       ||    79
  Use: Scroll            |       |     3 ||     3
 Stab: Sleeping          |     2 |       ||     2
Armor: Robe              |    19 |       ||    19
Dodge: Dodged            |    47 |     3 ||    50

Table legend: (Time is in decaauts)
 A = Elapsed time spent in this place.
 B = Non-inter-level travel time spent in this place.
 C = Inter-level travel time spent in this place.
 D = Time resting spent in this place.
 E = Time spent auto-exploring this place.
 F = Levels seen in this place.
 G = Mean time per level.
                   A        B        C        D        E       F      G
               +--------+--------+--------+--------+--------+-----+--------+
         Total |   2186 |    991 |   1195 |    287 |      0 |   3 |  728.7 |
       Dungeon |   2186 |    991 |   1195 |    287 |      0 |   3 |  728.7 |
               +--------+--------+--------+--------+--------+-----+--------+

Top non-repeatable levels by time:
     D:1: 897 daAuts
     D:2: 833 daAuts
     D:3: 454 daAuts
